 Dungeon Crawl Stone Soup version 0.9.0-27-g8a39726 character file.

155 rafa the Magician (level 3, 0/22 HPs)
             Began as a Demonspawn Wizard on Dec 14, 2011.
             Killed from afar by Grinder (9 damage)
             ... with a wand of flame
             ... on Level 3 of the Dungeon on Dec 15, 2011.
             The game lasted 00:11:02 (2614 turns).

rafa the Magician (Demonspawn Wizard)               Turns: 2614, Time: 00:11:02

HP   0/22        AC  2     Str 13      XL: 3   Next:  0%
MP   3/10        EV 12     Int 19      God:
Gold 125         SH  0     Dex 11      Spells:  1 memorised,  9 levels left

Res.Fire  : . . .   See Invis. : .   m - +1,+2 short sword
Res.Cold  : + . .   Warding    : . . a - +0 robe
Life Prot.: . . .   Conserve   : .   (no shield)
Res.Acid. : . . .   Res.Corr.  : .   n - +0 cap
Res.Poison: .       Clarity    : .   (no cloak)
Res.Elec. : .       Spirit.Shd : .   (no gloves)
Sust.Abil.: . .     Stasis     : .   (no boots)
Res.Mut.  : .       Ctrl.Telep.: .   (no amulet)
Res.Rott. : .       Levitation : .   (no ring)
Saprovore : . . .   Ctrl.Flight: .   g - ring of protection from cold {unknown}

@: mighty, very slightly glowing, not resistant to hostile enchantments, fairly
stealthy
A: hooves 2
a: no special abilities


You were on level 3 of the Dungeon.
You were very hungry.

You visited 1 branch of the dungeon, and saw 3 of its levels.

You collected 105 gold pieces.

Inventory:

Hand weapons
 k - a +0,+0 dagger (quivered)
 m - a +1,+2 short sword (weapon)
Armour
 a - a +0 robe (worn)
 b - a +0 wizard hat
 n - a +0 cap (worn)
Comestibles
 d - 2 bread rations
 p - a meat ration
Scrolls
 j - a scroll of remove curse {unknown}
 l - 4 scrolls of identify {unknown}
 o - a scroll of teleportation {unknown}
Jewellery
 g - a ring of protection from cold (left hand) {unknown}
Potions
 e - a potion of might
 f - a potion of healing
 h - a potion of heal wounds {unknown}
 i - 2 potions of degeneration {unknown}
Books
 c - a book of Minor Magic

   Spells                             Type                      Level
   *Magic Dart                        Conjuration                  1
   Blink                              Translocation                2
   Call Imp                           Summoning                    2
   Repel Missiles                     Charms/Air                   2
   Slow                               Hexes                        2
   Conjure Flame                      Conjuration/Fire             3
   Mephitic Cloud                     Conjuration/Poison/Air       3


   Skills:
 + Level 2 Dodging
 - Level 2 Stealth
 + Level 4 Spellcasting
 + Level 1 Conjurations
 + Level 1 Summonings


You had 9 spell levels left.
You knew the following spells:

 Your Spells              Type           Power        Success   Level  Hunger
a - Magic Dart            Conj           ##...        Great       1    None

Dungeon Overview and Level Annotations

Branches:
Dungeon (3/27)

Altars:


Innate Abilities, Weirdness & Mutations

You have hoof-like feet.


Message History

You see here a hobgoblin corpse.
You start butchering the hobgoblin corpse with your short sword.
You continue butchering the corpse.
You stop butchering the corpse.
You finish chopping the hobgoblin corpse into pieces.
You see here 3 chunks of hobgoblin flesh.
Grinder zaps a wand.
The puff of flame hits you!
One of your 5 scrolls labeled CYANUE SHRESU catches fire!
That item cannot be evoked!
You aren't carrying any items that can be evoked.
Casting: Magic Dart
Confirm with . or Enter, or press ? or * to list all spells.
Aiming: Magic Dart
Press: ? - help, Shift-Dir - straight line, f/p - Grinder
Aim: Grinder carrying a wand of flame {zapped: 6} The magic dart hits Grinder.
Grinder is lightly wounded.
Grinder zaps a wand.
The puff of flame hits you!
One of your 2 scrolls labeled RIENUE LOSKEN catches fire!
You die...

##########
#........####
#...@........
#........####
#........#
#........#
#........#
#######5##
#..# #.##
#########.###
#


You could see Grinder.

Vanquished Creatures
  An ooze (D:2)
  8 bats
  3 goblins (D:1)
  5 hobgoblins
  A giant cockroach (D:3)
  2 giant newts
  5 kobolds
  2 rats (D:1)
27 creatures vanquished.

Vanquished Creatures (others)
  A hobgoblin (D:1)
  A rat (D:2)
  4 toadstools (D:1)
6 creatures vanquished.

Grand Total: 33 creatures vanquished

Notes
Turn   | Place    | Note
--------------------------------------------------------------
     0 | D:1      | rafa, the Demonspawn Wizard, began the quest for the Orb.
     0 | D:1      | Reached XP level 1. HP: 11/11 MP: 5/5
   386 | D:1      | Gained mutation: You have large cloven feet.
   386 | D:1      | Reached XP level 2. HP: 17/17 MP: 1/7
  1065 | D:1      | Reached skill level 4 in Spellcasting
  1578 | D:2      | Noticed Terence
  2583 | D:3      | Gained mutation: You have hoof-like feet.
  2583 | D:3      | Reached XP level 3. HP: 22/22 MP: 6/10
  2593 | D:3      | Noticed Grinder
  2600 | D:3      | Paralysed by Grinder for 2 turns
  2614 | D:3      | Killed from afar by Grinder
